Map: Dusk Towers

Players

mAth

  • Race: Zerg Zerg
  • League: Grandmaster

Miszu - Winner!

  • Race: Terran Terran
  • League: Master

VOD

Have the link to the VOD?

Description

Time

  • Played on: April 20, 2016, 4:16 p.m.
  • Length: 10:20
Show
View Real Time Build Order
Export as new Build Order

mAth Zerg 

Build Orders: Hatch First 

Get SALT Encoding   

  12  0:01  Drone  
  13  0:12  Overlord  
  13  0:17  Drone  
  14  0:30  Drone x2  
  16  0:37  Drone  
  17  0:52  Hatchery  
  17  0:54  Drone  
  17  0:58  Drone  
  18  1:09  Extractor  
  17  1:12  Spawning Pool  
  17  1:15  Drone  
  17  1:19  Drone  
  18  1:28  Drone  
  19  1:38  Overlord  
  19  1:59  Queen  
  19  2:00  Zergling x4  
  23  2:03  Queen  
  23  2:04  Drone  
  26  2:12  Metabolic Boost  
  26  2:14  Drone  
  26  2:15  Drone  
  28  2:26  Drone x2  
  30  2:36  Hatchery  
  29  2:45  Drone x2  
  29  2:50  Queen  
  33  2:51  Overlord  
  33  2:56  Drone x2  
  35  2:59  Drone  
  36  3:10  Drone x4  
  36  3:11  Drone  
  41  3:26  Overlord  
  41  3:28  Queen  
  41  3:30  Roach Warren, Extractor  
  41  3:32  Drone x2  
  41  3:34  Drone  
  44  3:46  Zergling x6  
  47  3:54  Drone x3  
  47  3:55  Drone  
  51  3:56  Queen  
  51  3:57  Drone  
  51  3:58  Drone x2  
  56  4:03  Overlord  
  56  4:07  Overlord  
  56  4:13  Evolution Chamber  
  56  4:15  Evolution Chamber  
  54  4:23  Overlord  
  54  4:27  Roach x4  
  54  4:28  Roach  
  54  4:31  Overlord  
  64  4:32  Drone  
  65  4:42  Zerg Ground Armor Level 1  
  65  4:43  Drone x2  
  65  4:44  Drone x3  
  70  4:57  Drone  
  70  4:58  Drone x8  
  79  5:02  Zerg Missile Weapons Level 1  
  79  5:06  Overlord  
  79  5:07  Overlord  
  79  5:15  Extractor x2  
  79  5:17  Extractor x2, Lair  
  79  5:20  Overlord  
  75  5:24  Drone x5  
  75  5:25  Drone  
  81  5:36  Overlord  
  81  5:38  Drone x2  
  81  5:40  Drone x4  
  87  5:43  Drone x4  
  87  5:47  Overlord x2  
  91  5:53  Roach x2  
  91  5:54  Roach  
  98  5:57  Ravager x4  
  101  6:06  Roach x2  
  101  6:07  Roach x3  
  101  6:08  Roach  
  112  6:13  Overlord  
  112  6:14  Roach  
  112  6:15  Roach x2  
  118  6:24  Roach  
  118  6:25  Overlord x2  
  120  6:29  Glial Reconstitution  
  120  6:38  Roach x2  
  120  6:39  Roach x5  
  130  6:43  Overlord  
  130  6:44  Overlord  
  130  6:49  Zerg Ground Armor Level 2  
  130  7:00  Roach x3  
  130  7:01  Roach x5  
  146  7:02  Roach  
  142  7:10  Zerg Melee Weapons Level 1  
  139  7:35  Overlord x2  
  139  7:38  Drone  
  139  7:41  Hatchery  
  139  7:42  Drone  
  139  7:43  Drone x2  
  139  7:44  Infestation Pit  
  141  7:51  Ravager x6  
  145  7:53  Roach  
  145  7:54  Roach x10  
  169  8:06  Overlord  
  169  8:24  Pathogen Glands, Hive  
  169  8:28  Drone x5  
  169  8:29  Drone x7  
  169  8:30  Overlord x3, Drone x2  
  183  8:38  Overlord x2  
  183  8:50  Infestor x3  
  183  8:53  Roach x4  
  197  9:02  Extractor x2  
  195  9:23  Roach x2  
  195  9:24  Hatchery  
  198  9:31  Ravager x2  
  176  9:46  Roach x9  
  176  9:47  Roach x8  
  195  9:57  Roach x3  
  195  9:58  Roach x4  
  197  10:05  Ultralisk Cavern  
Show
View Real Time Build Order
Export as new Build Order

Miszu Terran - Winner!

Build Orders: Reaper Expand, MMM Bio 

Get SALT Encoding   

  12  0:01  SCV  
  13  0:13  SCV  
  14  0:18  Supply Depot  
  14  0:25  SCV  
  15  0:40  SCV  
  15  0:41  Barracks  
  16  0:44  Refinery  
  16  0:52  SCV  
  17  1:04  SCV  
  18  1:16  SCV  
  19  1:28  Orbital Command  
  19  1:29  Reaper  
  20  1:39  Command Center  
  20  1:54  SCV  
  21  1:55  Supply Depot  
  21  2:01  Marine  
  21  2:06  SCV  
  23  2:18  SCV  
  23  2:19  Factory  
  23  2:21  Barracks Reactor  
  24  2:30  SCV  
  25  2:42  SCV  
  26  2:48  Command Center  
  26  2:51  Orbital Command  
  26  2:54  SCV  
  27  3:05  Barracks  
  27  3:07  SCV  
  27  3:10  Barracks Tech Lab  
  28  3:14  Hellion x2  
  28  3:17  SCV  
  33  3:25  SCV  
  33  3:28  Marine  
  33  3:29  SCV, Stimpack  
  33  3:33  Refinery  
  35  3:37  SCV  
  36  3:42  SCV  
  36  3:47  Marine  
  38  3:49  SCV, Factory Reactor  
  38  3:54  Barracks, SCV  
  40  4:01  SCV, Orbital Command  
  41  4:06  SCV  
  41  4:07  Engineering Bay x2  
  41  4:08  Marine  
  41  4:09  Marine  
  44  4:14  Refinery x2, SCV  
  44  4:16  Marine  
  46  4:18  SCV  
  47  4:26  Marine, SCV  
  47  4:27  Marine  
  47  4:30  SCV, Orbital Command  
  51  4:33  Marine  
  51  4:35  Factory Reactor  
  51  4:38  SCV  
  53  4:40  Starport  
  53  4:42  SCV  
  53  4:44  Marine  
  53  4:45  Marine  
  56  4:48  Supply Depot  
  56  4:50  Supply Depot, Terran Infantry Armor Level 1, SCV  
  56  4:51  Terran Infantry Weapons Level 1, Marine x2  
  59  4:53  Marine  
  59  4:54  SCV  
  61  5:10  Marine, SCV x3  
  61  5:12  Supply Depot  
  65  5:14  Supply Depot  
  65  5:22  Barracks, SCV x3  
  65  5:24  Barracks, Factory Reactor  
  68  5:34  Medivac x2, SCV x3  
  75  5:38  Supply Depot, Combat Shields  
  75  5:45  Marine, Armory  
  75  5:46  Marine, SCV x3  
  80  5:50  Marine  
  80  5:51  Marine x2  
  83  5:58  SCV x2  
  83  5:59  SCV  
  83  6:01  Supply Depot  
  86  6:04  Medivac x2  
  86  6:10  SCV x2  
  92  6:11  SCV  
  92  6:15  Barracks  
  92  6:16  Barracks  
  93  6:19  Barracks  
  93  6:22  SCV  
  93  6:23  Supply Depot, SCV  
  93  6:25  Barracks Reactor x2  
  95  6:26  Marine  
  95  6:27  Marine x4  
  99  6:38  SCV x2  
  98  6:41  SCV  
  98  6:44  Marine  
  98  6:45  Marine  
  98  6:46  Supply Depot  
  101  6:50  SCV  
  101  6:51  SCV  
  101  6:52  Marine  
  101  6:53  SCV  
  100  6:55  Terran Infantry Armor Level 2, Terran Infantry Weapons Level 2  
  100  7:01  Marine, Marauder, Factory Tech Lab  
  101  7:03  SCV x2  
  101  7:06  SCV  
  101  7:08  Marine x2  
  103  7:10  Barracks Tech Lab x3  
  103  7:15  SCV  
  101  7:23  Marine x3, Marauder  
  101  7:25  Marine x3  
  101  7:26  Marine x2, Medivac, Siege Tank  
  101  7:29  Marine  
  115  7:36  Marine, Marauder  
  118  7:41  Marine  
  121  7:44  Marauder  
  121  7:46  Marine  
  121  7:47  Marauder  
  121  7:48  Marine  
  125  7:54  Marauder  
  125  7:57  Marauder  
  125  7:58  Supply Depot x2, Siege Tank, Terran Vehicle Weapons Level 1  
  132  7:59  Supply Depot  
  132  8:00  Marine  
  132  8:01  Marine x4, Refinery  
  132  8:02  Factory  
  139  8:05  Marauder  
  139  8:09  Marauder  
  141  8:13  Supply Depot  
  141  8:16  Concussive Shells  
  141  8:19  Marine x6  
  149  8:20  Marauder  
  149  8:23  Supply Depot  
  149  8:24  Supply Depot  
  151  8:27  Marine, Marauder  
  151  8:28  Medivac x2  
  151  8:30  Marauder  
  151  8:31  Marine  
  151  8:32  Marine  
  160  8:37  Marine, Marauder  
  163  8:45  Supply Depot, Refinery  
  163  8:48  Marauder x2, Factory Tech Lab  
  167  8:51  Marauder  
  167  8:52  Marine x4  
  167  8:54  Siege Tank  
  176  8:57  Medivac  
  176  9:02  Marauder  
  180  9:09  Marauder  
  184  9:10  Marauder  
  184  9:11  Siege Tank  
  187  9:18  Marine x4, Marauder  
  187  9:19  Marine  
  187  9:23  Marauder  
  195  9:25  Command Center  
  192  9:32  Marauder  
  167  9:54  Marine, Marauder  
  167  9:55  Marine x3, Marauder  
  167  9:57  Marine  
  167  9:58  Marine x4, Marauder  
  169  10:00  SCV  
Tags
 
Add a new tag
Caveats
  • Supply blocks, unpowered buildings, or Contaminate may cause inaccurate times.
  • Supply counts are checked every 10 seconds.